 Dungeon Crawl Stone Soup version 0.29.1-1-gd02db6906a (webtiles) character file.

Game seed: 15796363286668866230

28 Icepheonix32 the Insei (level 3, 0/26 HPs)
             Began as a Merfolk Transmuter on Oct 5, 2022.
             Slain by an orc wizard
             ... wielding a +0 dagger
              (2 damage)
             ... on level 2 of the Dungeon.
             The game lasted 00:01:16 (1555 turns).

Icepheonix32 the Insei (Merfolk Transmuter)         Turns: 1555, Time: 00:01:17

Health: 0/26       AC:  3    Str: 10    XL:     3   Next: 12%
Magic:  6/6        EV: 13    Int: 14    God:
Gold:   50         SH:  0    Dex: 14    Spells: 5/6 levels left

rFire   . . .      SeeInvis .     - Unarmed
rCold   . . .      Faith    .   (no shield)
rNeg    . . .      Spirit   .   a - +0 robe
rPois   .          Reflect  .   c - +0 helmet
rElec   .          Harm     .   (no cloak)
rCorr   .          Rampage  .   (no gloves)
Will    .....                   (no boots)
Stlth   +.........              (no amulet)
HPRegen 0.08/turn               (no ring)
MPRegen 0.10/turn               (no ring)

@: no status effects
A: (nimble swimmer 2), mertail
a: no special abilities


You were on level 2 of the Dungeon.
You visited 1 branch of the dungeon, and saw 2 of its levels.

You collected 50 gold pieces.

Inventory:

Armour
 a - a +0 robe (worn)
 c - a +0 helmet (worn)
Scrolls
 d - a scroll of butterflies {unknown}
 e - 6 scrolls of fear {unknown}
 g - a scroll of poison {unknown}
Potions
 b - a potion of lignification
 f - 2 potions of heal wounds {unknown}
 h - a potion of curing {unknown}
 i - a potion of might {unknown}


   Skills:
 + Level 1.1 Fighting
 + Level 3.1 Dodging
 + Level 0.2 Stealth
 + Level 3.9 Unarmed Combat
 + Level 2.1 Spellcasting
 * Level 3.2 Transmutations


You had 5 spell levels left.
You knew the following spells:

 Your Spells              Type           Power      Damage    Failure   Level
a - Beastly Appendage     Tmut           20%        N/A       6%          1

Your spell library contained the following spells:

 Spells                   Type           Power      Damage    Failure   Level
 Wereblood                Tmut           10%        N/A       10%         2
 Spider Form              Tmut/Pois      6%         N/A       34%         3
 Ice Form                 Ice/Tmut       6%         N/A       75%         4


Dungeon Overview and Level Annotations

Branches:
Dungeon (2/15)

Altars:


Innate Abilities, Weirdness & Mutations

((You are very nimble when in or above water. (Stealth+, EV+, Speed+++)))
Your lower body shifts to a powerful aquatic tail in water.


Message History

The orc wizard hits you with a +0 dagger.
You bump into the rock wall.
Your horns disappear.
Your +0 helmet unmelds from your body.
The orc wizard hits you with a +0 dagger.
You bump into the rock wall.
The orc wizard misses you.
You're too confused to move!
You feel less confused. The orc wizard barely misses you.
You completely miss the orc wizard. The orc wizard casts a spell at you.
You are confused.
You hit the orc wizard.
The orc wizard is moderately wounded.
The orc wizard hits you with a +0 dagger.
The orc wizard attacks as you move away!
The orc wizard hits you but does no damage.
You bump into the rock wall.
The orc wizard hits you with a +0 dagger.
You're too confused to move!
The orc wizard barely misses you.
You hit the orc wizard.
The orc wizard is heavily wounded.
The orc wizard hits you with a +0 dagger.
* * * LOW HITPOINT WARNING * * *
You bump into the rock wall.
The orc wizard hits you but does no damage.
You bump into the rock wall.
You feel less confused.
The orc wizard hits you with a +0 dagger.
* * * LOW HITPOINT WARNING * * *
You hit the orc wizard.
The orc wizard is severely wounded.
You barely miss the orc wizard.
The orc wizard is severely wounded.
The orc wizard hits you with a +0 dagger.
* * * LOW HITPOINT WARNING * * *
You hit the orc wizard.
The orc wizard is almost dead.
The orc wizard hits you with a +0 dagger.
You die...

.#....# #.#
.#....####.#
#....l.....#
...........#
#..........#
#.........o#
####..####.#
##...##.##########
###..>...)lo@...#
##################.#
#............# #.#
#.##########.# #.#
#.#........#.#####.#
#.#.######.#.......#
#.#.#....#.#########
#.#.#<##.#.#
#.#.####.#.#


You could see an orc wizard and a frilled lizard.

Vanquished Creatures
  3 orcs (D:2)
  A ball python (D:1)
  4 endoplasms (D:1)
  4 hobgoblins (D:1)
  2 quokkas (D:1)
  A frilled lizard (D:2)
  2 kobolds (D:1)
  6 rats (D:1)
23 creatures vanquished.

Notes
Turn   | Place    | Note
-------+----------+-------------------------------------------
     0 | D:1      | Icepheonix32 the Merfolk Transmuter began the quest for the
                  | Orb.
     0 | D:1      | Reached XP level 1. HP: 15/15 MP: 3/3
   493 | D:1      | Reached XP level 2. HP: 21/21 MP: 3/5
  1528 | D:2      | Reached XP level 3. HP: 18/26 MP: 4/6
  1555 | D:2      | Slain by an orc wizard

Illustrated notes

Levels and vault maps discovered:
D:1:      mainiacjoe_arrival_reflecting_pool, layout_basic, roderic_lattice_a
D:2:      layout_basic

Skill      XL: |  1  2 |
---------------+-------+-----
Transmutations | 3 |  3.2
Dodging        | 3 |  3.1
Fighting       | |  1.1
Stealth        | |  0.2
Unarmed Combat | |  3.9
Spellcasting   | |  2.1

Action                   || total
-------------------------++-------
Melee: Unarmed           ||    78
       Headbutt          ||    11
       Punch             ||     3
 Cast: Beastly Appendage ||    14
 Stab: Sleeping          ||     2
Armor: Robe              ||    13
Dodge: Dodged            ||    38
